 Dungeon Crawl Stone Soup version 0.29.1-2-gbd0b4ee654 (webtiles) character file.

Game seed: 17768885753090797256

10712 croobank the Cruncher (level 11, -1/86 HPs)
             Began as a Gnoll Wanderer on Nov 18, 2022.
             Was a Priest of Vehumet.
             Slain by a boulder beetle (17 damage)
             ... on level 11 of the Dungeon.
             The game lasted 00:59:24 (11828 turns).

croobank the Cruncher (Gnoll Wanderer)             Turns: 11828, Time: 00:59:25

Health: -1/86      AC: 15    Str: 16    XL:     11   Next: 66%
Magic:  5/22       EV: 16    Int: 12    God:    Vehumet [***...]
Gold:   569        SH:  0    Dex: 17    Spells: 12/25 levels left

rFire   . . .      SeeInvis +   a - +4 quarterstaff (chaos)
rCold   . . .      Faith    .   (shield currently unavailable)
rNeg    . . .      Spirit   .   F - +0 steam dragon scales
rPois   .          Reflect  .   A - +1 helmet
rElec   .          Harm     .   c - +0 cloak
rCorr   .          Rampage  .   p - +2 pair of gloves
Will    .....                   W - +0 pair of boots
Stlth   ++++......              k - amulet of regeneration
HPRegen 1.04/turn               v - +6 ring of strength
MPRegen 0.18/turn               T - ring of see invisible

@: studying Ranged Weapons
A: fangs 1, strong nose, distributed training
a: Renounce Religion


You were on level 11 of the Dungeon.
You worshipped Vehumet.
Vehumet was most pleased with you.
You visited 2 branches of the dungeon, and saw 12 of its levels.

You collected 591 gold pieces.
You spent 22 gold pieces at shops.

Inventory:

Hand Weapons
 a - a +4 quarterstaff of chaos (weapon)
 b - the +2 sling "Typregh" {freeze, rC- Str+7 Int+3 SInv}
   (You found it on level 5 of the Dungeon)

   Any ammunition fired from it freezes those it strikes, dealing additional
   cold damage.
   It can also slow down cold-blooded creatures.
   Str:       It affects your strength (+7).
   Int:       It affects your intelligence (+3).
   rC:        It makes you vulnerable to cold.
   SInv:      It lets you see invisible.
 m - a +2 dagger of venom
 B - a +3 scimitar of flaming
 D - a +5 halberd
 E - a +2 hand axe of flaming
 Q - a +0 war axe of venom
 Z - a +4 long sword
Missiles
 j - 2 throwing nets
 l - 14 poisoned darts (quivered)
 J - 3 boomerangs
 S - 2 curare-tipped darts
 X - 9 javelins
Armour
 c - a +0 cloak (worn)
 e - +0 acid dragon scales
 p - a +2 pair of gloves (worn)
 A - a +1 helmet (worn)
 F - +0 steam dragon scales (worn)
 W - a +0 pair of boots (worn)
Magical Staves
 f - a staff of earth
 s - a staff of poison
Jewellery
 k - an amulet of regeneration (around neck)
 v - a +6 ring of strength (left hand)
 y - a +4 ring of protection
 C - a +6 ring of intelligence
 I - a ring of fire
 N - a ring of willpower
 T - a ring of see invisible (right hand)
 V - a +6 ring of dexterity
Wands
 q - a wand of mindburst (15)
 r - a wand of charming (2)
 O - a wand of light (4)
 U - a wand of flame (11)
Scrolls
 g - 2 scrolls of immolation
 h - 3 scrolls of poison
 i - a scroll of teleportation
 G - 2 scrolls of blinking {unknown}
 K - a scroll of summoning {unknown}
 L - 2 scrolls of acquirement {unknown}
 M - 2 scrolls of amnesia {unknown}
 P - a scroll of vulnerability
Potions
 d - a potion of brilliance
 n - a potion of ambrosia
 o - 2 potions of lignification {unknown}
 t - 2 potions of mutation
 u - 5 potions of curing {unknown}
 w - 3 potions of degeneration {unknown}
 x - 2 potions of might {unknown}
 z - a potion of berserk rage {unknown}
 H - 2 potions of attraction {unknown}
 R - a potion of flight


   Skills:
 + Level 8.0 Fighting
 + Level 7.5 Short Blades
 + Level 7.5 Long Blades
 + Level 7.5 Axes
 + Level 7.5 Maces & Flails
 + Level 7.5 Polearms
 + Level 11.3 Staves
 + Level 10.6 Ranged Weapons
 + Level 7.5 Throwing
 + Level 8.0 Armour
 + Level 7.5 Dodging
 + Level 7.9 Stealth
 + Level 7.5 Shields
 + Level 7.5 Unarmed Combat
 + Level 7.5 Spellcasting
 + Level 6.2 Conjurations
 + Level 6.2 Hexes
 + Level 6.2 Summonings
 + Level 6.2 Necromancy
 + Level 6.2 Translocations
 + Level 6.2 Transmutations
 + Level 6.2 Fire Magic
 + Level 6.2 Ice Magic
 + Level 6.2 Air Magic
 + Level 6.2 Earth Magic
 + Level 6.2 Poison Magic
 + Level 8.2 Invocations
 + Level 7.5 Evocations


You had 12 spell levels left.
You knew the following spells:

 Your Spells              Type           Power      Damage    Failure   Level
a - Foxfire               Conj/Fire      76%        2x1d7     1%          1
b - Mephitic Cloud        Conj/Pois/Air  19%        N/A       1%          3
c - Freezing Cloud        Conj/Ice/Air   9%         6-21      9%          5
d - Blink                 Tloc           38%        N/A       1%          2
e - Wereblood             Tmut           19%        N/A       1%          2

Your spell library contained the following spells:

 Spells                   Type           Power      Damage    Failure   Level
 Frozen Ramparts          Ice            38%        1d6       1%          3
 Beastly Appendage        Tmut           38%        N/A       1%          1
 Conjure Flame            Conj/Fire      19%        6-21      1%          3
 Ignite Poison            Fire/Tmut/Pois 19%        N/A       1%          3
 Portal Projectile        Hex/Tloc       38%        N/A       3%          3
 Spider Form              Tmut/Pois      19%        N/A       3%          3
 Tukima's Dance           Hex            19%        N/A       3%          3
 Olgreb's Toxic Radiance  Pois           19%        N/A       3%          4
 Sticky Flame             Conj/Fire      19%        2d4       3%          4
 Blade Hands              Tmut           9%         N/A       32%         5
 Manifold Assault         Tloc           19%        N/A       32%         5
 Ozocubu's Refrigeration  Ice            9%         4d9       90%         7
 Storm Form               Tmut/Air       9%         N/A       100%        7
 Ignition                 Fire           9%         3d5       100%        8


Dungeon Overview and Level Annotations

Branches:
Dungeon (11/15)            Temple (1/1) D:5            Lair (0/5) D:8
    Orc: D:9-12

Altars:
Ashenzari
Cheibriados
Dithmenos
Elyvilon
Fedhas
Gozag
Hepliaklqana
Kikubaaqudgha
Makhleb
Nemelex Xobeh
Okawaru
Qazlal
Ru
Sif Muna
Trog
Uskayaw
Vehumet
Wu Jian
Xom
Yredelemnul
Zin
The Shining One

Shops:
D:1 (   D:2 *

Annotations:
D:8 2 transporters, JacoesBerries's ghost, novice DECj


Innate Abilities, Weirdness & Mutations

You have very sharp teeth.
Your uncanny sense of smell can sniff out nearby items.
Your experience applies equally to all skills.


Message History

You conjure some foxfire!
The boulder beetle is engulfed in noxious fumes.
The boulder beetle leaps!
The boulder beetle leaps!
Your foxfire dissipates!
Casting: Foxfire (safe; 1% risk of failure)
Confirm with . or Enter, or press ? or * to list all spells.
You conjure some foxfire!
The foxfire hits the boulder beetle but does no damage.
The boulder beetle is almost dead.
Your foxfire dissipates!
Casting: Foxfire (safe; 1% risk of failure)
Confirm with . or Enter, or press ? or * to list all spells.
You conjure some foxfire!
The boulder beetle curls into a ball and begins rolling!
The foxfire hits the boulder beetle but does no damage.
The boulder beetle is almost dead.
The foxfire hits the boulder beetle but does no damage.
The boulder beetle is almost dead.
Casting: Foxfire (safe; 1% risk of failure)
Confirm with . or Enter, or press ? or * to list all spells.
You conjure some foxfire!
The boulder beetle is no longer moving quickly.
Your foxfire dissipates!
The foxfire hits the boulder beetle.
The boulder beetle is almost dead.
Casting: Foxfire (safe; 1% risk of failure)
Confirm with . or Enter, or press ? or * to list all spells.
You conjure some foxfire!
The boulder beetle hits you!!!
Ouch! That really hurt!
* * * LOW HITPOINT WARNING * * *
The boulder beetle stops rolling and uncurls.
You barely miss the boulder beetle.
The boulder beetle is almost dead.
The foxfire hits the boulder beetle but does no damage.
The boulder beetle is almost dead.
The foxfire hits the boulder beetle.
The boulder beetle is almost dead.
The boulder beetle bites you!
You die...

#.# #. ##'## ..
##...## . ###
##.....## #.##.##
##.......##
#.#...####.........#
#........'.........+
#.#...####.........#
#.ยง@B..#
##.......## ######.#
##.....## .# ##...##
.# ##+## .# #.# .#
#.# .# ##.#####
##....... #.....###


You could see a boulder beetle.

Vanquished Creatures
  2 two-headed ogres (D:9)
  A gargoyle (D:9)
  Maggie (D:10)
  An unseen horror (D:10)
  Grinder (D:3)
  A shadow (D:7)
  2 wraiths (D:9)
  5 yaks (D:9)
  A steam dragon (D:8)
  3 wargs (D:8)
  2 acid dragons (D:10)
  2 water moccasins
  3 ice beasts
  An orc warrior (D:10)
  A sky beast (D:6)
  2 black bears
  An ogre (D:6)
  7 centaurs
  4 phantoms
  2 necrophages
  2 kobold brigands
  4 scorpions
  6 bullfrogs
  A gnoll sergeant (D:6)
  6 wights
  4 killer bees (D:6)
  4 howler monkeys
  5 hounds
  3 gnoll boudas
  3 jellies
  Crazy Yiuf (D:2)
  4 orc priests
  Terence (D:3)
  11 orc wizards
  Natasha (twice) (D:3)
  4 iguanas
  Robin (D:3)
  23 gnolls
  5 adders
  2 shadow imps
  A white imp (D:5)
  2 ufetubi
  2 worms (D:2)
  3 dart slugs (D:4)
  33 orcs
  9 endoplasms
  2 giant cockroaches
  14 goblins
  11 hobgoblins
  7 jackals
  2 quokkas
  6 ball pythons
  4 bats
  4 frilled lizards
  12 kobolds
  6 rats
  A spectral orc (D:6)
254 creatures vanquished.

Vanquished Creatures (collateral kills)
  2 wights (D:10)
  A hound (D:5)
  4 gnolls
7 creatures vanquished.

Vanquished Creatures (others)
  Natasha (D:3)
  An orc wizard (D:10)
  214 foxfires
216 creatures vanquished.

Grand Total: 477 creatures vanquished

Notes
Turn   | Place    | Note
-------+----------+-------------------------------------------
     0 | D:1      | croobank the Gnoll Wanderer began the quest for the Orb.
     0 | D:1      | croobank set off with the following items: a +0 vorpal
                  | quarterstaff, a +0 sling, a +0 cloak, a potion of
                  | brilliance, a +0 robe.
     0 | D:1      | Reached XP level 1. HP: 17/17 MP: 1/1
    17 | D:1      | Found Tifex's Antique Weapon Boutique.
   229 | D:1      | Reached XP level 2. HP: 8/23 MP: 2/2
  1154 | D:2      | Found Daynyq's General Store.
  1165 | D:2      | Bought a scroll of identify for 22 gold pieces
  1379 | D:2      | Found a hazy altar of Hepliaklqana.
  1397 | D:2      | Reached XP level 3. HP: 25/28 MP: 3/3
  1726 | D:2      | Found a runed translucent door.
  1727 | D:2      | Noticed Crazy Yiuf
  1860 | D:2      | Reached skill level 1 in Invocations
  2168 | D:3      | Noticed Natasha
  2176 | D:3      | Killed Natasha
  2177 | D:3      | Reached skill level 1 in Short Blades
  2177 | D:3      | Reached skill level 1 in Long Blades
  2177 | D:3      | Reached skill level 1 in Axes
  2177 | D:3      | Reached skill level 1 in Maces & Flails
  2177 | D:3      | Reached skill level 1 in Polearms
  2177 | D:3      | Reached skill level 1 in Throwing
  2177 | D:3      | Reached skill level 1 in Dodging
  2177 | D:3      | Reached skill level 1 in Shields
  2177 | D:3      | Reached skill level 1 in Unarmed Combat
  2177 | D:3      | Reached skill level 1 in Spellcasting
  2177 | D:3      | Reached skill level 1 in Evocations
  2177 | D:3      | Reached XP level 4. HP: 25/34 MP: 5/5
  2288 | D:3      | Reached skill level 1 in Conjurations
  2288 | D:3      | Reached skill level 1 in Hexes
  2288 | D:3      | Reached skill level 1 in Summonings
  2288 | D:3      | Reached skill level 1 in Necromancy
  2288 | D:3      | Reached skill level 1 in Translocations
  2288 | D:3      | Reached skill level 1 in Transmutations
  2288 | D:3      | Reached skill level 1 in Fire Magic
  2288 | D:3      | Reached skill level 1 in Ice Magic
  2288 | D:3      | Reached skill level 1 in Air Magic
  2288 | D:3      | Reached skill level 1 in Earth Magic
  2288 | D:3      | Reached skill level 1 in Poison Magic
  2348 | D:3      | Noticed Natasha
  2699 | D:3      | Reached XP level 5. HP: 34/40 MP: 7/7
  3048 | D:3      | Killed Natasha
  3085 | D:3      | Noticed Grinder
  3102 | D:3      | Killed Grinder
  3103 | D:3      | Reached XP level 6. HP: 30/47 MP: 7/9
  3249 | D:3      | Noticed Robin
  3276 | D:3      | Killed Robin
  3300 | D:3      | Found a blossoming altar of Fedhas.
  3344 | D:3      | Noticed Natasha
  3363 | D:3      | Your ally Natasha died
  3526 | D:3      | Noticed Terence
  3687 | D:3      | Reached XP level 7. HP: 41/52 MP: 10/10
  4153 | D:4      | Found a snail-covered altar of Cheibriados.
  4688 | D:4      | Reached skill level 9 in Staves
  4711 | D:3      | Reached skill level 5 in Short Blades
  4711 | D:3      | Reached skill level 5 in Long Blades
  4711 | D:3      | Reached skill level 5 in Axes
  4711 | D:3      | Reached skill level 5 in Maces & Flails
  4711 | D:3      | Reached skill level 5 in Polearms
  4711 | D:3      | Reached skill level 10 in Staves
  4711 | D:3      | Reached skill level 5 in Throwing
  4711 | D:3      | Reached skill level 5 in Dodging
  4711 | D:3      | Reached skill level 5 in Stealth
  4711 | D:3      | Reached skill level 5 in Shields
  4711 | D:3      | Reached skill level 5 in Unarmed Combat
  4711 | D:3      | Reached skill level 5 in Spellcasting
  4711 | D:3      | Reached skill level 5 in Invocations
  4711 | D:3      | Reached skill level 5 in Evocations
  4711 | D:3      | Reached XP level 8. HP: 64/64 MP: 10/16
  4712 | D:3      | Reached skill level 5 in Conjurations
  4712 | D:3      | Reached skill level 5 in Hexes
  4712 | D:3      | Reached skill level 5 in Summonings
  4712 | D:3      | Reached skill level 5 in Necromancy
  4712 | D:3      | Reached skill level 5 in Translocations
  4712 | D:3      | Reached skill level 5 in Transmutations
  4712 | D:3      | Reached skill level 5 in Fire Magic
  4712 | D:3      | Reached skill level 5 in Ice Magic
  4712 | D:3      | Reached skill level 5 in Air Magic
  4712 | D:3      | Reached skill level 5 in Earth Magic
  4712 | D:3      | Reached skill level 5 in Poison Magic
  4712 | D:3      | Reached XP level 9. HP: 72/72 MP: 10/18
  4731 | D:3      | Killed Terence
  5373 | D:5      | Entered Level 5 of the Dungeon
  5382 | D:5      | Found a staircase to the Ecumenical Temple.
  5393 | Temple   | Entered the Ecumenical Temple
  5486 | Temple   | Became a worshipper of Vehumet
  5682 | D:5      | Identified the +2 sling "Typregh" {freeze, rC- Str+7 Int+3
                  | SInv}
  5798 | D:5      | Reached XP level 10. HP: 78/79 MP: 19/19
  5851 | D:5      | Reached * piety under Vehumet
  5851 | D:5      | Offered knowledge of Foxfire by Vehumet.
  5857 | D:5      | Learned a level 1 spell: Foxfire
  6824 | D:6      | Reached ** piety under Vehumet
  6839 | D:6      | Found a hazy altar of Hepliaklqana.
  7005 | D:6      | Offered knowledge of Freeze by Vehumet.
  7400 | D:2      | Killed Crazy Yiuf
  8505 | D:7      | Learned a level 3 spell: Mephitic Cloud
  8511 | D:7      | Learned a level 5 spell: Freezing Cloud
  8732 | D:7      | Noticed a red ugly thing
  8733 | D:7      | Noticed a gargoyle
  8782 | D:7      | Reached skill level 11 in Staves
  9084 | D:8      | Found a basalt altar of Yredelemnul.
  9293 | D:8      | Found an ornate altar of the Wu Jian Council.
  9293 | D:8      | Found a burning altar of Makhleb.
  9301 | D:8      | Found a shimmering altar of Xom.
  9303 | D:8      | Found a broken altar of Ashenzari.
  9305 | D:8      | Found a faded altar of an unknown god.
  9416 | D:8      | Offered knowledge of Static Discharge by Vehumet.
  9428 | D:8      | Found a staircase to the Lair.
  9675 | D:8      | Found a transporter.
  9679 | D:8      | Noticed JacoesBerries's ghost (novice DECj)
  9680 | D:8      | Found a transporter.
  9680 | D:8      | Identified the +12 great mace of the Vendetta {vorpal,
                  | Fragile Str+3 Dex+3 Stlth+}
  9882 | D:9      | Reached XP level 11. HP: 84/84 MP: 21/21
  9901 | D:9      | Noticed a two-headed ogre
 10081 | D:9      | Reached *** piety under Vehumet
 10119 | D:9      | Killed a two-headed ogre
 10120 | D:9      | Reached skill level 10 in Ranged Weapons
 10224 | D:9      | Learned a level 2 spell: Blink
 10227 | D:9      | Learned a level 2 spell: Wereblood
 10337 | D:10     | Entered Level 10 of the Dungeon
 10539 | D:10     | Noticed Maggie
 10542 | D:10     | Killed Maggie
 10836 | D:10     | Found a sacrificial altar of Ru.
 11140 | D:10     | Found a white marble altar of Elyvilon.
 11279 | D:9      | Found Ecolos's Distillery.
 11302 | D:9      | Offered knowledge of Frozen Ramparts by Vehumet.
 11437 | D:9      | Noticed a two-headed ogre
 11446 | D:9      | Killed a two-headed ogre
 11774 | D:11     | Noticed a boulder beetle
 11828 | D:11     | Slain by a boulder beetle

Illustrated notes

Levels and vault maps discovered:
D:1:      beargit_arrival_diablo_church, layout_basic, serial_shops,
          nicolae_shop_overgrown_old_shop
D:2:      layout_loops_ring, serial_shops, shop, basic_altar,
          grunt_ministairs_10, uniq_crazy_yiuf_cottage
D:3:      layout_rooms, amcnicky_altar_gilded, nicolae_elevator_lobby_asterisk,
          uniq_robin, uniq_terence, uniq_natasha, uniq_grinder
D:4:      layout_gridville, kennysheep_slug_shrine, kennysheep_generic_room_16
D:5:      minmay_recursive_quarters, layout_loops_ring,
          minmay_temple_entry_wispy
D:6:      layout_loops_ring, nicolae_hepliaklqana_monster_ancestors
D:7:      minmay_slanted_spiral_squares, layout_basic
D:8:      layout_loops_ring, chequers_temple_overflow_minitemple,
          lemuel_tele_altar, erik_lair_orcish_takeover, gammafunk_ghost_smash
D:9:      layout_rooms, serial_shops, nicolae_shop_crystal
D:10:     layout_loops_ring, nicolae_overflow_hidden_temple,
          mainiacjoe_overflow_alcove_2, minivault_19, kennysheep_generic_room_8,
          uniq_maggie
D:11:     minmay_gate_of_8, layout_loops_corners
Temple:   nicolae_temple_x_marks_the_god

Skill      XL: |  1  2  3  4  5  6  7  8  9 10 11 |
---------------+----------------------------------+-----
Invocations    | 1 2 5 7 8 |  8.2
Short Blades   | 1 2 5 6 7 |  7.5
Long Blades    | 1 2 5 6 7 |  7.5
Axes           | 1 2 5 6 7 |  7.5
Maces & Flails | 1 2 5 6 7 |  7.5
Polearms       | 1 2 5 6 7 |  7.5
Throwing       | 1 2 5 6 7 |  7.5
Dodging        | 1 2 5 6 7 |  7.5
Shields        | 1 2 5 6 7 |  7.5
Unarmed Combat | 1 2 5 6 7 |  7.5
Spellcasting   | 1 2 5 6 7 |  7.5
Evocations     | 1 2 5 6 7 |  7.5
Conjurations   | 1 4 5 6 |  6.2
Hexes          | 1 4 5 6 |  6.2
Summonings     | 1 4 5 6 |  6.2
Necromancy     | 1 4 5 6 |  6.2
Translocations | 1 4 5 6 |  6.2
Transmutations | 1 4 5 6 |  6.2
Fire Magic     | 1 4 5 6 |  6.2
Ice Magic      | 1 4 5 6 |  6.2
Air Magic      | 1 4 5 6 |  6.2
Earth Magic    | 1 4 5 6 |  6.2
Poison Magic   | 1 4 5 6 |  6.2
Fighting       | 3 6 7 8 |  8.0
Armour         | 3 6 7 8 |  8.0
Stealth        | 3 5 6 7 |  7.9
Ranged Weapons | 7 8 9 10 | 10.6
Staves         | 10 11 | 11.3

Action                   |  1- 3 |  4- 6 |  7- 9 | 10-12 || total
-------------------------+-------+-------+-------+-------++-------
Melee: Quarterstaff      |    97 |   105 |   157 |   347 ||   706
       Bite              |    11 |    17 |    25 |    45 ||    98
       Dagger            |     1 |       |     8 |    27 ||    36
       Hand axe          |       |       |    29 |       ||    29
       Punch             |       |       |     3 |     1 ||     4
 Fire: Sling             |       |       |    16 |    74 ||    90
Throw: Dart              |     2 |     3 |     4 |       ||     9
       Throwing net      |       |     3 |       |       ||     3
 Cast: Foxfire           |       |       |       |   147 ||   147
       Freezing Cloud    |       |       |       |     6 ||     6
       Mephitic Cloud    |       |       |       |     7 ||     7
       Blink             |       |       |       |     1 ||     1
Evoke: Wand              |       |     1 |       |    15 ||    16
  Use: Scroll            |     5 |       |     7 |    11 ||    23
       Potion            |       |     2 |     2 |     4 ||     8
 Stab: Sleeping          |     7 |       |     5 |    10 ||    22
       Petrifying        |       |       |       |     4 ||     4
       Confused          |       |       |       |     3 ||     3
       Invisible         |       |       |       |     1 ||     1
Armor: Robe              |    22 |    22 |    62 |    99 ||   205
       Steam dragon scal |       |       |       |    20 ||    20
Dodge: Dodged            |    44 |    62 |   169 |   276 ||   551
